 Dungeon Crawl Stone Soup version 0.18.1-48-g4cf74bf (webtiles) character file.

826 Gargoyl the Covered (level 7, -3/55 HPs)
             Began as a Demonspawn Abyssal Knight on Aug 30, 2016.
             Was a Priest of Lugonu.
             Slain by a centaur (5 damage)
             ... on level 5 of the Dungeon on Aug 31, 2016.
             The game lasted 00:12:08 (4657 turns).

Gargoyl the Covered (Demonspawn Abyssal Knight)     Turns: 4657, Time: 00:12:09

Health: -3/55      AC: 12    Str: 13 (14) XL:     7   Next: 64%
Magic:  8/8        EV:  5    Int: 10 (13) God:    Lugonu [***...]
Gold:   364        SH:  0    Dex: 12 (15) Spells: 0 memorised, 6 levels left

rFire  . . .     SeeInvis .     a - +1 hand axe
rCold  . . .     Gourm    .     e - +0 chain mail
rNeg   + . .     Faith    .     (no shield)
rPois  .         Spirit   .     k - +1 helmet
rElec  .         Dismiss  .     l - +1 cloak {+Inv}
rCorr  .         Reflect  .     (no gloves)
SustAt .         Harm     .     (no boots)
MR     .....                    (no amulet)
Stlth  ..........               v - ring of positive energy
                                q - +2 ring of dexterity

@: very slightly contaminated, hasted, very heavily drained, invisible, very
quick, not resistant to hostile enchantments, extremely unstealthy
A: talons 1, demonic guardian 1, powered by death 2
a: Depart the Abyss, Bend Space, Banish, Renounce Religion


You were on level 5 of the Dungeon.
You worshipped Lugonu.
Lugonu was most pleased with you.
You were hungry.

You visited 1 branch of the dungeon, and saw 5 of its levels.
You visited the Abyss 1 time.

You collected 364 gold pieces.

Inventory:

Hand Weapons
 a - a +1 hand axe (weapon)
Missiles
 j - 7 tomahawks of returning (quivered)
Armour
 e - a +0 chain mail (worn)
 k - a +1 helmet (worn)
 l - a +1 cloak of invisibility (worn)
Jewellery
 q - a +2 ring of dexterity (left hand)
 v - a ring of positive energy (right hand)
 y - an uncursed ring of flight
Wands
 x - a wand of lightning (13/15)
Scrolls
 d - 3 scrolls of identify
 g - 5 scrolls of teleportation {unknown}
 h - 3 scrolls of remove curse {unknown}
 n - a scroll of magic mapping {unknown}
 p - 2 scrolls of enchant weapon {unknown}
 r - a scroll of amnesia {unknown}
 u - 3 scrolls of fog {unknown}
Potions
 z - a potion of cure mutation
Books
 o - a book of the Dragon

   Spells                             Type                      Level
   a - Flame Tongue                   Conjuration/Fire             1
   b - Cause Fear                     Hexes                        4
   c - Bolt of Fire                   Conjuration/Fire             6
   d - Dragon Form                    Transmutation                7
   e - Dragon's Call                  Summoning                    9
Comestibles
 b - a royal jelly
 c - 2 bread rations
 s - 2 beef jerkies
 t - 3 meat rations


   Skills:
 + Level 4.8(0.9) Fighting
 + Level 3.4(0.0) Axes
 + Level 0.1(0.0) Throwing
 * Level 5.8(1.8) Armour
 + Level 2.5(0.0) Dodging
 + Level 1.1(0.0) Stealth
 + Level 2.4(0.0) Invocations


You had 6 spell levels left.
You didn't know any spells.

Dungeon Overview and Level Annotations

Branches:
Dungeon (5/15)             Temple (0/1) D:5

Altars:
Trog


Innate Abilities, Weirdness & Mutations

You have sharp toenails.
A weak demonic guardian rushes to your aid.
You regenerate health from kills.


Message History

The centaur is lightly wounded.
The centaur hits you but does no damage.
The centaur completely misses you.
Your ufetubus hits the centaur.
Your ufetubus hits the centaur but does no damage.
The centaur hits you.
* * * LOW HITPOINT WARNING * * *
Your chain mail prevents you from hitting the centaur.
Your kick misses the centaur.
The centaur is severely wounded.
You hit the centaur.
The centaur is moderately wounded.
The centaur barely misses you.
Your ufetubus hits the centaur. x2
The centaur barely misses you. x2; Your ufetubus hits the centaur.
Your ufetubus hits the centaur but does no damage.
You hit the centaur but do no damage. You claw the centaur, but do no damage.
The centaur is severely wounded.
You hit the centaur but do no damage.
The centaur is severely wounded.
The centaur hits you.
You die...

#### ###
########.. ..#
#........#####.#
#...h....##.#
#cc##.##.#
#@5##.##.#
###..5(....#
....?(.(.(...#
######.##.##.#
#.##.##.# #.#
#.##....# #.#
#.####..### ..#
#.#.......# #.#
..##.......#.#


You could see 2 centaurs, a hound, a friendly crimson imp and a friendly
ufetubus.

Vanquished Creatures
  A phantom (D:4)
  A centaur (D:5)
  2 ogres
  Crazy Yiuf (D:4)
  3 orc wizards
  3 worker ants
  Robin (D:2)
  2 gnolls (D:4)
  5 adders
  2 oozes
  2 adder skeletons
  3 worms (D:2)
  A dart slug (D:1)
  2 giant geckos
  8 orcs
  6 giant cockroaches
  8 hobgoblins
  5 jackals
  3 kobolds
  2 quokkas (D:2)
  2 ball pythons
  5 bats
  A giant gecko skeleton (D:4)
  5 giant newts
  16 goblins
  A quokka skeleton (D:4)
  9 rats
100 creatures vanquished.

Vanquished Creatures (collateral kills)
  A centaur (D:5)
  A howler monkey (D:4)
  3 orc priests
  2 gnolls (D:4)
  A giant gecko (D:4)
  An orc (D:4)
  A giant cockroach (D:2)
  A hobgoblin (D:2)
11 creatures vanquished.

Vanquished Creatures (others)
  A crimson imp (D:5)
1 creature vanquished.

Grand Total: 112 creatures vanquished

Notes
Turn   | Place    | Note
--------------------------------------------------------------
     0 | Abyss:1  | Gargoyl the Demonspawn Abyssal Knight began the quest for the Orb.
     0 | Abyss:1  | Reached XP level 1. HP: 18/18 MP: 2/2
    66 | Abyss:2  | Noticed an ancient zyme
    71 | Abyss:2  | Noticed a raiju
    71 | Abyss:2  | Noticed a raiju
    72 | Abyss:2  | Noticed a raiju
    74 | D:1      | Escaped the Abyss
   447 | D:1      | Reached skill level 2 in Armour
   548 | D:1      | Reached skill level 1 in Dodging
   553 | D:1      | Reached * piety under Lugonu
   584 | D:1      | Gained mutation: You regenerate a little health from kills. [demonic ancestry]
   584 | D:1      | Reached XP level 2. HP: 12/24 MP: 3/3
  1180 | D:2      | Noticed Robin
  1199 | D:2      | Gained mutation: A weak demonic guardian rushes to your aid. [demonic ancestry]
  1199 | D:2      | Reached XP level 3. HP: 26/29 MP: 4/4
  1204 | D:2      | Reached ** piety under Lugonu
  1207 | D:2      | Killed Robin
  1443 | D:2      | Reached XP level 4. HP: 37/37 MP: 5/5
  1489 | D:2      | Noticed a moth of wrath
  1491 | D:2      | Found a bloodstained altar of Trog.
  1936 | D:3      | Reached skill level 3 in Armour
  2017 | D:3      | Found a faded altar to an unknown god.
  2379 | D:3      | Gained mutation: You have sharp toenails. [demonic ancestry]
  2379 | D:3      | Reached XP level 5. HP: 42/42 MP: 6/6
  2757 | D:3      | Reached *** piety under Lugonu
  2925 | D:4      | Noticed an ogre
  2967 | D:3      | Killed an ogre
  2967 | D:3      | Reached skill level 4 in Armour
  2988 | D:4      | Gained mutation: You regenerate health from kills. [demonic ancestry]
  2988 | D:4      | Reached XP level 6. HP: 33/48 MP: 7/7
  3254 | D:4      | Noticed Crazy Yiuf
  3277 | D:4      | Killed Crazy Yiuf
  3773 | D:4      | Reached skill level 5 in Armour
  3773 | D:4      | Reached XP level 7. HP: 41/55 MP: 8/8
  3978 | D:5      | Entered Level 5 of the Dungeon
  4000 | D:5      | Reached skill level 1 in Stealth
  4070 | D:5      | Found a staircase to the Ecumenical Temple.
  4646 | D:5      | HP: 2/55 [centaur/arrow (1)]
  4655 | D:5      | HP: 2/55 [centaur (5)]
  4657 | D:5      | Slain by a centaur

Skill      XL: |  1  2  3  4  5  6  7 |
---------------+----------------------+-----
Armour         | 2 3 4 5 |  5.8
Dodging        | 1 2 |  2.5
Axes           | 2 3 |  3.4
Fighting       | 4 |  4.8
Stealth        | 1 |  1.1
Throwing       | |  0.1
Invocations    | |  2.4

Action                   |  1- 3 |  4- 6 |  7- 9 || total
-------------------------+-------+-------+-------++-------
Melee: Hand axe          |   103 |   273 |   121 ||   497
       Kick              |       |    48 |    38 ||    86
Throw: Tomahawk          |       |     3 |       ||     3
Invok: Depart the Abyss  |     1 |       |       ||     1
       Banish            |       |       |     1 ||     1
  Use: Potion            |       |     5 |     4 ||     9
       Scroll            |       |       |     2 ||     2
 Stab: Invisible         |       |     2 |       ||     2
       Distracted        |       |       |     1 ||     1
  Eat: Chunk             |     2 |     8 |     3 ||    13
Armor: Chain mail        |   137 |   243 |   119 ||   499
       Skin              |       |     9 |       ||     9
Dodge: Dodged            |    36 |   113 |    59 ||   208
